 Dungeon Crawl Stone Soup version 0.27.0 (webtiles) character file.

Game seed: 6088403482936471297

56 inmateoo the Covered (level 3, 0/24 HPs)
             Began as a Gargoyle Fighter on July 30, 2021.
             Slain by an orc (1 damage)
             ... on level 3 of the Dungeon.
             The game lasted 00:01:35 (2117 turns).

inmateoo the Covered (Gargoyle Fighter)             Turns: 2117, Time: 00:01:35

Health: 0/24       AC: 10    Str: 20    XL:     3   Next: 95%
Magic:  3/3        EV:  7    Int:  8    God:
Gold:   86         SH:  9    Dex:  9    Spells: 2/2 levels left

rFire    . . .     SeeInvis .   a - +0 flail
rCold    . . .     Faith    .   c - +0 kite shield
rNeg     + . .     Spirit   .   b - +0 scale mail
rPois    ∞         Reflect  .   (no helmet)
rElec    +         Harm     .   (no cloak)
rCorr    .         Rampage  .   (no gloves)
Will     +....                  (no boots)
Stlth    ..........             (no amulet)
HPRegen  0.08/turn              h - ring of willpower
MPRegen  0.08/turn              (no ring)

@: mighty
A: sickness immunity, AC +3, negative energy resistance 1, electricity
resistance, torment resistance 1, petrification resistance
a: no special abilities


You were on level 3 of the Dungeon.
You visited 1 branch of the dungeon, and saw 3 of its levels.

You collected 86 gold pieces.

Inventory:

Hand Weapons
 a - a +0 flail (weapon)
Armour
 b - a +0 scale mail (worn)
 c - a +0 kite shield (worn)
Jewellery
 h - a ring of willpower (left hand)
Scrolls
 e - a scroll of vulnerability {unknown}
 g - 8 scrolls of identify {unknown}
 k - 2 scrolls of summoning {unknown}
 l - a scroll of silence {unknown}
 n - a scroll of brand weapon {unknown}
Potions
 f - a potion of mutation {unknown}
 i - a potion of haste {unknown}
 j - a potion of curing {unknown}
 m - 2 potions of flight {unknown}
 o - a potion of lignification {unknown}


   Skills:
 + Level 3.8 Fighting
 + Level 2.6 Maces & Flails
 + Level 3.8 Armour
 + Level 3.8 Shields


You had 2 spell levels left.
You didn't know any spells.
Your spell library contained the following spells:

 Spells                   Type           Power      Damage    Failure   Level
 Dazzling Flash           Conj/Hex       0%         N/A       100%        3
 Summon Guardian Golem    Hex/Summ       0%         N/A       100%        3
 Agony                    Necr           0%         N/A       100%        5
 Silence                  Hex/Air        0%         N/A       100%        5
 Orb of Destruction       Conj           0%         N/A       100%        7
 Spellforged Servitor     Conj/Summ      0%         N/A       100%        7


Dungeon Overview and Level Annotations

Branches:
Dungeon (3/15)

Altars:


Innate Abilities, Weirdness & Mutations

You are immune to sickness and miasma.
Your stone body is resilient. (AC +3)
You are immune to poison.
You resist negative energy. (rN+)
You are resistant to electric shocks. (rElec)
You are resistant to unholy torment.
You are immune to petrification.


Message History

The ball python bites you but does no damage.
The ball python constricts you. You block the orc's attack.
You block the adder's attack. You block the ball python's attack.
The ball python constricts you.
Unknown command.
You sock the adder!
The adder is severely wounded.
You block the adder's attack. You block the orc's attack.
The ball python bites you but does no damage.
The ball python constricts you. The adder bites you but does no damage.
You block the orc's attack.
Unknown command.
You closely miss the adder.
The adder is severely wounded.
You block the ball python's attack.
* * * LOW HITPOINT WARNING * * *
The ball python constricts you. You block the adder's attack.
The orc hits you but does no damage.
The ball python bites you but does no damage.
The ball python constricts you. The adder bites you.
* * * LOW HITPOINT WARNING * * *
You barely miss the adder.
The adder is severely wounded.
You block the ball python's attack. The ball python constricts you.
The adder bites you but does no damage. The orc hits you but does no damage.
The adder bites you.
* * * LOW HITPOINT WARNING * * *
The ball python bites you but does no damage.
The ball python constricts you. You block the orc's attack.
You sock the adder!
You kill the adder!
You block the ball python's attack. The ball python constricts you.
The orc barely misses you. The ball python barely misses you.
* * * LOW HITPOINT WARNING * * *
The ball python constricts you.
Unknown command.
You sock the ball python!
You kill the ball python!
The orc hits you with a +0 hand axe.
You die...

## ##≈ #≈≈
###≈≈##
##..≈≈@##
#..≈≈≈†o##
##...≈ooJ≈##
......≈..≈.#
.....≈≈....#
...≈≈≈≈..≈.##
....≈≈≈...).#
>....≈≈≈..#.#
.....≈≈.≈.#.#


You could see 3 orcs and an endoplasm.

Vanquished Creatures
  An adder (D:3)
  A worm (D:2)
  A dart slug (D:2)
  An orc (D:3)
  5 endoplasms
  3 giant cockroaches (D:1)
  4 goblins
  5 hobgoblins
  4 kobolds
  A quokka (D:2)
  6 ball pythons
  4 bats (D:1)
  5 rats
41 creatures vanquished.

Notes
Turn   | Place    | Note
-------+----------+-------------------------------------------
     0 | D:1      | inmateoo the Gargoyle Fighter began the quest for the Orb.
     0 | D:1      | Reached XP level 1. HP: 14/14 MP: 1/1
   307 | D:1      | Reached XP level 2. HP: 19/19 MP: 2/2
   789 | D:1      | Reached XP level 3. HP: 18/23 MP: 3/3
  1126 | D:1      | Found a faded altar of an unknown god.
  2116 | D:3      | HP: 1/24 [ball python (1)]
  2117 | D:3      | Slain by an orc

Illustrated notes

Levels and vault maps discovered:
D:1:      lightli_arrival_windingriver, layout_loops_ring,
          chequers_ecumenical_altar_twisty, minmay_strange_pillars,
          st_stairs_14, ebering_dispersal_statue_hall
D:2:      layout_basic, minmay_hexomino_f4
D:3:      layout_rooms, portal_sewer_entry_f, chequers_serial_rivers_small_3,
          kennysheep_nondescript

Action                   || total
-------------------------++-------
Melee: Flail             ||   112
  Use: Potion            ||     1
Armor: Scale mail        ||    75
Dodge: Dodged            ||    31
Block: Kite shield       ||    79
